 Dungeon Crawl Stone Soup version 0.29-a0-1027-gcd8c55af63 (webtiles) character file.

Game seed: 5134415016362125299

99 ytrimaz the Chopper (level 4, 37/37 HPs)
             Began as a Demonspawn Berserker on Aug 12, 2022.
             Was a Follower of Trog.
             Quit the game on level 4 of the Dungeon.
             The game lasted 00:01:16 (1941 turns).

ytrimaz the Chopper (Demonspawn Berserker)          Turns: 1941, Time: 00:01:17

Health: 37/37      AC:  2    Str: 19    XL:     4   Next: 45%
Magic:  4/4        EV: 12    Int:  9    God:    Trog [*.....]
Gold:   97         SH:  0    Dex: 12    Spells: 3/3 levels left

rFire   . . .      SeeInvis .   a - +0 hand axe
rCold   . . .      Faith    .   (no shield)
rNeg    . . .      Spirit   .   b - +0 animal skin
rPois   .          Reflect  .   (no helmet)
rElec   .          Harm     .   (no cloak)
rCorr   .          Rampage  .   (no gloves)
Will    .....                   (no boots)
Stlth   +.........              (no amulet)
HPRegen 0.12/turn               (no ring)
MPRegen 0.18/turn               (no ring)

@: no status effects
A: magic regeneration, demonic magic 1
a: Renounce Religion, Berserk


You were on level 4 of the Dungeon.
You worshipped Trog.
Trog was aware of your devotion.
You visited 1 branch of the dungeon, and saw 3 of its levels.

You collected 97 gold pieces.

Inventory:

Hand Weapons
 a - a +0 hand axe (weapon)
Armour
 b - a +0 animal skin (worn)
Potions
 c - a potion of flight
 d - a potion of ambrosia {unknown}
 f - a potion of mutation {unknown}
 h - 2 potions of haste


   Skills:
 + Level 4.0 Fighting
 + Level 4.1 Axes
 - Level 1.7 Armour
 - Level 1.7 Dodging


You had 3 spell levels left.
You didn't know any spells.
Your spell library was empty.

Dungeon Overview and Level Annotations

Branches:
Dungeon (2/15)

Altars:

Shops:
D:1 :


Innate Abilities, Weirdness & Mutations

You regenerate magic rapidly.
Spells you cast may paralyse adjacent enemies.


Message History

You closely miss the hound.
The hound is severely wounded.
You closely miss the hound. The hound bites you. x2
You barely miss the hound.
The hound is moderately wounded.
You barely miss the hound. The hound closely misses you. The hound bites you.
You are too injured to fight recklessly!
Unknown command.
You slash the hound!
You kill the hound!
Trog accepts your kill.
You hit the hound.
You kill the hound!
Trog accepts your kill.
Your Fighting skill increases to level 4!
Your Axes skill increases to level 4!
You have reached level 4!
You feel clever.
Your demonic ancestry asserts itself...
A menacing aura infuses your magic.
You feel a strong urge to attack something.
You are no longer berserk.
You are exhausted.
You feel yourself slow down.
You start resting.
You feel yourself speed up.
You start resting.
You recover from your berserk rage.
You start resting.
You start resting.
HP restored.
You now have 80 gold pieces (gained 10).
You now have 89 gold pieces (gained 9).
You now have 97 gold pieces (gained 8).
Found a long sword.
An adder comes into view.
The adder hisses angrily.
You see here a +0 long sword.
An adder is nearby!
An adder is nearby!
Are you sure you want to abandon this character and quit the game? (Confirm with "yes".)

.. . #. ..## ###. ...
... ..## .. # #..#S .
#.#...### ...
..#.#..@..#.......
#...###...###..... ..#
#...#.........#
#...###..........##
#...#..#.....##...##
#...###...#............
#...#..................
..###...#.............#.
# #####............##.


You could see an adder.

Vanquished Creatures
  2 hounds (D:4)
  A worm (D:2)
  A dart slug (D:1)
  2 bats (D:1)
  2 endoplasms
  A giant cockroach (D:2)
  2 goblins
  5 hobgoblins
  4 ball pythons
  2 frilled lizards (D:1)
  4 kobolds (D:1)
  A rat (D:1)
27 creatures vanquished.

Vanquished Creatures (collateral kills)
  A gnoll (D:1)
1 creature vanquished.

Grand Total: 28 creatures vanquished

Notes
Turn   | Place    | Note
-------+----------+-------------------------------------------
     0 | D:1      | ytrimaz the Demonspawn Berserker began the quest for the
                  | Orb.
     0 | D:1      | Reached XP level 1. HP: 18/18 MP: 1/1
   114 | D:1      | Found Hir Makk's Book Emporium.
   434 | D:1      | Gained mutation: You regenerate magic rapidly. [demonic
                  | ancestry]
   434 | D:1      | Reached XP level 2. HP: 15/24 MP: 2/2
   966 | D:1      | Found a faded altar of an unknown god.
  1149 | D:1      | Reached XP level 3. HP: 26/29 MP: 3/3
  1679 | D:2      | You fall into a shaft and drop 2 floors!
  1709 | D:4      | Gained mutation: Spells you cast may paralyse adjacent
                  | enemies. [demonic ancestry]
  1709 | D:4      | Reached XP level 4. HP: 17/37 MP: 4/4
  1941 | D:4      | Quit the game

Illustrated notes

Levels and vault maps discovered:
D:1:      mrwooster_arrival_statue_3, layout_loops_corners,
          ebering_ecumenical_altar_rust, serial_shops, shop,
          hangedman_decor_points, minmay_pentomino_t4
D:2:      minmay_alternating_diamond, layout_basic
D:4:      layout_cave_pools, overflow_temple_1_default, serial_shops,
          shop_statue, minivault_4, minmay_misc_feat_cross, nrook_loot_triangle,
          nicolae_titane

Skill      XL: |  1  2  3 |
---------------+----------+-----
Axes           | 3 4 |  4.1
Fighting       | 4 |  4.0
Armour         | |  1.7
Dodging        | |  1.7

Action                   |  1- 3 |  4- 6 || total
-------------------------+-------+-------++-------
Melee: Hand axe          |    96 |       ||    96
       Punch             |     1 |       ||     1
Invok: Berserk           |     2 |       ||     2
  Use: Scroll            |     5 |       ||     5
 Stab: Sleeping          |     1 |       ||     1
Armor: Animal skin       |    19 |       ||    19
Dodge: Dodged            |    69 |       ||    69

Table legend: (Time is in decaauts)
 A = Elapsed time spent in this place.
 B = Non-inter-level travel time spent in this place.
 C = Inter-level travel time spent in this place.
 D = Time resting spent in this place.
 E = Time spent auto-exploring this place.
 F = Levels seen in this place.
 G = Mean time per level.
                   A        B        C        D        E       F      G
               +--------+--------+--------+--------+--------+-----+--------+
         Total |   1971 |   1962 |      9 |    239 |   1472 |   3 |  657.0 |
       Dungeon |   1971 |   1962 |      9 |    239 |   1472 |   3 |  657.0 |
               +--------+--------+--------+--------+--------+-----+--------+

Top non-repeatable levels by time:
     D:1: 1414 daAuts
     D:2: 288 daAuts
     D:4: 268 daAuts
